 Dungeon Crawl Stone Soup version 0.23-a0-4-g8f018a2 (webtiles) character file.

23489 galech the Cleaver (level 12, -11/114 HPs)
             Began as a Deep Dwarf Fighter on July 31, 2018.
             Was a High Priest of Makhleb.
             Mangled by Rupert
             ... wielding a +5 great mace of protection
              (14 damage)
             ... on level 4 of the Lair of Beasts.
             The game lasted 00:21:14 (11192 turns).

galech the Cleaver (Deep Dwarf Fighter)            Turns: 11192, Time: 00:21:15

Health: -11/114    AC: 24    Str: 23    XL:     12   Next: 72%
Magic:  8/8        EV: 10    Int: 10    God:    Makhleb [*****.]
Gold:   880        SH: 13    Dex: 16    Spells: 11/11 levels left

rFire    . . .     SeeInvis .   I - +0 hand axe (flame)
rCold    . . .     Gourm    .   c - +0 shield
rNeg     + . .     Faith    .   q - +3 chain mail {rN+}
rPois    .         Spirit   .   V - +2 helmet
rElec    .         Reflect  .   i - +0 cloak
rCorr    .         Harm     .   w - +0 pair of gloves of Fortification {Slay+3 Stlth+}
MR       +....                  (no boots)
Stlth    ..........             (no amulet)
HPRegen  0.00/turn              m - +3 ring of protection
MPRegen  0.11/turn              K - +3 ring of strength

@: non-regenerating
A: damage resistance, heal wounds, sense surroundings 2, no regeneration
a: Heal Wounds, Minor Destruction, Lesser Servant of Makhleb, Major Destruction,
Greater Servant of Makhleb, Renounce Religion


You were on level 4 of the Lair of Beasts.
You worshipped Makhleb.
Makhleb was extremely pleased with you.
You were hungry.

You visited 2 branches of the dungeon, and saw 14 of its levels.
You also visited: Ossuary.

You collected 880 gold pieces.

Inventory:

Hand Weapons
 a - a +0 war axe
 I - a +0 hand axe of flaming (weapon)
Armour
 c - a +0 shield (worn)
 i - a +0 cloak (worn)
 q - a +3 chain mail of positive energy (worn)
 w - the +0 pair of gloves of Fortification (worn) {Slay+3 Stlth+}
   (You found it on level 4 of the Dungeon)

   It affects your accuracy and damage with ranged weapons and melee attacks
   (+3).
   It makes you more stealthy.
 U - the +1 ring mail of the Well-Known Friends {*Drain rPois Regen+}
   (You found it on level 3 of the Lair of Beasts)

   It protects you from poison.
   It increases your rate of regeneration.
   It causes draining when unequipped.
 V - a +2 helmet (worn)
Jewellery
 g - a +1 ring of evasion
 m - a +3 ring of protection (left hand)
 s - an uncursed ring of fire
 y - an uncursed ring of protection from magic
 K - a +3 ring of strength (right hand)
 L - an uncursed ring of protection from magic
 N - an uncursed ring of ice
Wands
 E - a wand of paralysis (9)
 F - a wand of enslavement (12)
 J - a wand of clouds (5)
 S - a wand of polymorph (16)
Scrolls
 e - 4 scrolls of amnesia
 j - 2 scrolls of enchant weapon {unknown}
 o - 5 scrolls of teleportation
 p - 3 scrolls of fog
 r - 5 scrolls of noise
 v - 5 scrolls of remove curse
 x - 2 scrolls of fear {unknown}
 B - 4 scrolls of enchant armour {unknown}
 G - a scroll of brand weapon {unknown}
 H - a scroll of blinking {unknown}
 O - 3 scrolls of identify
 P - 2 scrolls of torment {unknown}
 Q - a scroll of vulnerability {unknown}
 R - a scroll of magic mapping {unknown}
 T - a scroll of immolation {unknown}
Potions
 b - 3 potions of curing
 d - 5 potions of might
 h - 2 potions of brilliance {unknown}
 k - a potion of berserk rage {unknown}
 l - 7 potions of heal wounds {unknown}
 n - 6 potions of degeneration {unknown}
 t - 2 potions of haste {unknown}
 u - a potion of cancellation {unknown}
 z - 2 potions of agility {unknown}
 A - 2 potions of lignification {unknown}
 C - 2 potions of mutation {unknown}
 D - 2 potions of ambrosia {unknown}
 M - a potion of flight {unknown}
Comestibles
 f - 34 rations
 W - 5 chunks of flesh


   Skills:
 + Level 9.2 Fighting
 + Level 14.5 Axes
 + Level 10.7 Armour
 + Level 4.3 Dodging
 + Level 2.0 Stealth
 + Level 10.5 Shields


You had 11 spell levels left.
You didn't know any spells.
Your spell library contained the following spells:

 Spells                   Type           Power        Failure   Level  Hunger
 Apportation              Tloc           #.....       98%         1    ##.....
 Lightning Bolt           Conj/Air       #.........   100%        5    ######.
 Summon Small Mammal      Summ           #...         98%         1    ##.....
 Animate Dead             Necr           N/A          100%        4    #####..
 Pain                     Necr           #...         98%         1    ##.....
 Animate Skeleton         Necr           N/A          98%         1    ##.....
 Vampiric Draining        Necr           #.........   100%        3    ####...
 Regeneration             Chrm/Necr      #.........   100%        3    ####...
 Shock                    Conj/Air       #...         98%         1    ##.....
 Swiftness                Chrm/Air       #.......     99%         2    ###....
 Spider Form              Tmut/Pois      #.........   100%        3    ####...
 Blade Hands              Tmut           #.........   100%        5    ######.
 Ice Form                 Ice/Tmut       #.......     100%        4    #####..
 Airstrike                Air            #.........   100%        4    #####..
 Confusing Touch          Hex            #.....       98%         1    ##.....
 Sticks to Snakes         Tmut           #.......     99%         2    ###....
 Static Discharge         Conj/Air       #.......     100%        3    ####...
 Beastly Appendage        Tmut           #.....       98%         1    ##.....


Dungeon Overview and Level Annotations

Branches:
Dungeon (10/15)            Temple (0/1) D:7            Lair (4/6) D:10
 Shoals (0/4) Lair:3        Snake (0/4) Lair:2          Orc (0/2) D:9

Altars:
Cheibriados
Dithmenos
Fedhas
Kikubaaqudgha
Makhleb
Okawaru
Trog
Vehumet
Xom
Yredelemnul
The Shining One

Annotations:
Lair:4 Rupert


Innate Abilities, Weirdness & Mutations

You are resistant to damage.
You can heal yourself by infusing magical energy.
You passively map the area around you.
You do not regenerate.


Message History

Rupert barely misses you.
You hit Rupert. You burn Rupert.
Rupert is almost dead.
You hit Rupert but do no damage.
Rupert is almost dead.
You block Rupert's attack.
Your chain mail prevents you from hitting Rupert.
Rupert is almost dead.
Rupert hits you with a great mace of protection!
* * * LOW HITPOINT WARNING * * *
You closely miss Rupert.
Rupert is almost dead.
Rupert hits you with a great mace of protection!!
* * * LOW HITPOINT WARNING * * *
You barely miss Rupert.
Rupert is almost dead.
You hit Rupert but do no damage.
Rupert is almost dead.
Rupert hits you with a great mace of protection!
You die...

* , , , , , , * .. P.
*#......## * *
.....#####.....#.#
...##.#.........####*###
,...............#.#.##.#.
,
,........................
, , ,
........................
,, ,
........................
, ,
......@@.....†..........
* *,
.....##%###.#...........
.##, *#.) ##....P#..P...
, * , ..##*##...##..#...
, * ,,, * .... *
#...##...... * **.....,
#.....#...... * , #....#,
##....#...... , , ##....
, #...###.#### , , * ,
#...###.#.##


You could see Rupert (berserk).

Vanquished Creatures
  Gastronok (D:10)
  3 hydras
  2 two-headed ogres
  An unseen horror (D:10)
  A manticore (Lair:3)
  A gargoyle (D:10)
  4 black mambas
  A rime drake (Lair:2)
  9 spiny frogs
  2 komodo dragons
  Grinder (D:6)
  10 blink frogs (Lair:1)
  2 dream sheep (D:9)
  5 hippogriffs
  A vampire (D:9)
  13 yaks
  Eustachio (D:5)
  A basilisk (Lair:3)
  2 hungry ghosts
  8 water moccasins
  7 porcupines
  3 orc warriors
  4 sky beasts
  A black bear (D:10)
  An ice beast (D:10)
  2 necrophages
  2 phantoms
  2 ogres
  3 centaurs
  8 crocodiles
  4 big kobolds
  Blork the orc (D:6)
  10 bullfrogs
  A wyvern zombie (D:6)
  3 scorpions
  4 water moccasin zombies (Ossuary)
  5 wights (D:10)
  A bullfrog zombie (D:8)
  A centaur zombie (D:7)
  3 crimson imps
  A jelly (D:5)
  2 orc priests
  A centaur skeleton (D:5)
  4 hounds
  14 orc wizards
  4 iguanas (D:4)
  13 worker ants
  4 big kobold zombies (Ossuary)
  A hound zombie (D:5)
  2 mummies (Ossuary)
  A worker ant zombie (D:6)
  7 gnolls
  9 adders
  A howler monkey skeleton (D:5)
  A shadow imp (D:4)
  4 adder zombies (Ossuary)
  An adder skeleton (D:4)
  3 dart slugs
  12 leopard geckos
  63 orcs
  2 ball pythons
  10 bats
  A giant cockroach (D:3)
  A gnoll zombie (Ossuary)
  7 goblins
  4 hobgoblins
  18 jackals
  2 quokkas
  5 frilled lizards
  3 hobgoblin zombies (Ossuary)
  A jackal skeleton (D:4)
  10 kobolds
  5 kobold zombies (Ossuary)
  A leopard gecko skeleton (D:5)
  2 orc zombies (Ossuary)
  A quokka skeleton (D:4)
  A quokka zombie (D:6)
  6 rats
  3 fungi (D:10)
366 creatures vanquished.

Notes
Turn   | Place    | Note
-------+----------+-------------------------------------------
     0 | D:1      | galech the Deep Dwarf Fighter began the quest for the Orb.
     0 | D:1      | Reached XP level 1. HP: 20/20 MP: 1/1
   119 | D:1      | Reached XP level 2. HP: 24/27 MP: 2/2
   978 | D:2      | Found a radiant altar of Vehumet.
  1096 | D:2      | Reached XP level 3. HP: 24/34 MP: 3/3
  1216 | D:2      | Reached skill level 3 in Axes
  1235 | D:2      | Found a shimmering altar of Xom.
  1235 | D:2      | Found a bloodstained altar of Trog.
  1417 | D:2      | Found a shadowy altar of Dithmenos.
  1428 | D:2      | Found a snail-covered altar of Cheibriados.
  1443 | D:2      | Found an iron altar of Okawaru.
  1679 | D:3      | Reached XP level 4. HP: 28/42 MP: 4/4
  2157 | D:3      | Found a bloodstained altar of Trog.
  2182 | D:3      | Reached skill level 4 in Axes
  2386 | D:3      | Reached XP level 5. HP: 49/49 MP: 5/5
  2794 | D:4      | Reached skill level 1 in Dodging
  2988 | D:4      | Reached skill level 5 in Axes
  3033 | D:4      | Reached XP level 6. HP: 33/56 MP: 6/6
  3129 | D:4      | Got a pair of polished gloves
  3135 | D:4      | Identified the cursed +0 pair of gloves of Fortification {Slay+3 Stlth+} (You found it on level 4 of the Dungeon)
  3240 | D:4      | Reached skill level 6 in Axes
  3265 | D:4      | Reached XP level 7. HP: 33/62 MP: 6/6
  3473 | D:5      | Entered Level 5 of the Dungeon
  3488 | D:5      | Reached skill level 7 in Axes
  3534 | D:5      | Found a shadowy altar of Dithmenos.
  3809 | D:5      | Found a burning altar of Makhleb.
  3815 | D:5      | Noticed Eustachio
  3820 | D:5      | Reached skill level 5 in Shields
  3851 | D:5      | Killed Eustachio
  3851 | D:5      | Reached skill level 8 in Axes
  3851 | D:5      | Reached XP level 8. HP: 70/72 MP: 7/7
  3864 | D:5      | Became a worshipper of Makhleb the Destroyer
  4129 | D:5      | Found a glowing golden altar of the Shining One.
  4272 | D:6      | Found a blossoming altar of Fedhas.
  4274 | D:6      | Found an ancient bone altar of Kikubaaqudgha.
  4406 | D:6      | Noticed Grinder
  4416 | D:6      | Reached skill level 9 in Axes
  4416 | D:6      | Reached skill level 1 in Stealth
  4427 | D:6      | Killed Grinder
  4427 | D:6      | Reached skill level 5 in Armour
  4605 | D:6      | Noticed Blork the orc
  4614 | D:6      | Killed Blork the orc
  4869 | D:7      | Found an iron altar of Okawaru.
  4881 | D:7      | Reached * piety under Makhleb
  4881 | D:7      | Gained mutation: You passively map the area around you. [Deep Dwarf growth]
  4881 | D:7      | Reached XP level 9. HP: 52/79 MP: 8/8
  4922 | D:7      | Reached skill level 10 in Axes
  5385 | D:7      | Found a staircase to the Ecumenical Temple.
  5575 | D:8      | Found a sand-covered staircase.
  5628 | Ossuary  | Entered an ossuary
  5632 | Ossuary  | Reached ** piety under Makhleb
  5686 | Ossuary  | Reached skill level 5 in Fighting
  5868 | D:8      | Noticed a two-headed ogre
  5884 | D:8      | Killed a two-headed ogre
  5884 | D:8      | Reached skill level 11 in Axes
  6661 | D:9      | Reached *** piety under Makhleb
  6669 | D:9      | Reached XP level 10. HP: 90/90 MP: 9/9
  6692 | D:9      | Found a staircase to the Orcish Mines.
  6769 | D:9      | Reached skill level 12 in Axes
  6955 | D:9      | Noticed a two-headed ogre
  6967 | D:9      | Killed a two-headed ogre
  7149 | D:9      | Reached **** piety under Makhleb
  7194 | D:9      | Noticed a two-headed hydra
  7200 | D:9      | Killed a one-headed hydra
  7326 | D:9      | Reached skill level 13 in Axes
  7624 | D:10     | Entered Level 10 of the Dungeon
  7625 | D:10     | Noticed a gargoyle
  7645 | D:10     | Killed a gargoyle
  7681 | D:10     | Noticed Gastronok
  7713 | D:10     | Killed Gastronok
  7713 | D:10     | Reached XP level 11. HP: 56/99 MP: 0/10
  8166 | D:10     | Killed an unseen horror
  8370 | D:10     | Found a staircase to the Lair.
  8394 | Lair:1   | Entered Level 1 of the Lair of Beasts
  8654 | Lair:1   | Reached ***** piety under Makhleb
  8869 | Lair:1   | You fall through a shaft!
  8948 | Lair:2   | Reached skill level 14 in Axes
  9136 | Lair:1   | Reached XP level 12. HP: 53/110 MP: 10/10
  9274 | Lair:1   | Found a basalt altar of Yredelemnul.
  9762 | Lair:2   | Found a staircase to the Snake Pit.
 10121 | Lair:3   | Noticed a seven-headed hydra
 10135 | Lair:3   | Killed a one-headed hydra
 10196 | Lair:3   | Got an amethyst-encrusted ring mail
 10207 | Lair:3   | Identified the +1 ring mail of the Well-Known Friends {*Drain rPois Regen+} (You found it on level 3 of the Lair of Beasts)
 10278 | Lair:3   | Reached skill level 10 in Armour
 10370 | Lair:3   | Reached skill level 10 in Shields
 10395 | Lair:3   | Found a staircase to the Shoals.
 11000 | Lair:3   | Noticed a five-headed hydra
 11009 | Lair:3   | Killed a one-headed hydra
 11141 | Lair:4   | Noticed Rupert
 11142 | Lair:4   | Paralysed by Rupert for 6 turns
 11177 | Lair:4   | Paralysed by Rupert for 4 turns
 11190 | Lair:4   | HP: 3/114 [Rupert/great mace of protection (22)]
 11192 | Lair:4   | Mangled by Rupert

Vault maps used:
D:1:      roderic_crop_circles_arrival_small
D:2:      gammafunk_temple_overflow_pools, nicolae_overflow_quartered_altars
D:3:      first_ration, trog_three_pillars_becter
D:4:      minmay_joined_circles
D:5:      bloody_makhleb, kennysheep_mini, grunt_dithmenos_smoke_and_mirrors,
          uniq_eustachio
D:6:      grunt_temple_overflow_growth_and_decay, grunt_ministairs_1,
          hangedman_decor_push, uniq_blork_the_orc, uniq_grinder
D:7:      temple_hall, basic_altar
D:8:      nicolae_ossuary_entry_false_entrances
D:9:      hiddenorc2_lemuel, hangedman_ranch
D:10:     grunt_lair_entry_orc_guard_hut, minmay_misc_feat_encased,
          grunt_ministairs_13, uniq_gastronok
Lair:1:   basic_altar
Lair:2:   dummy_snake_entry
Lair:3:   cheibrodos_lair_river_kwai, minmay_shoals_entry_beasts,
          serial_bayou_shore_b, lemuel_fruit_tree
Lair:4:   ebering_ghost_rock_garden, lab_entry_generic,
          cheibrodos_lair_reptile_den, uniq_nergalle, uniq_rupert
Ossuary:  ossuary_tomb_2

Skill      XL: |  1  2  3  4  5  6  7  8  9 10 11 12 |
---------------+-------------------------------------+-----
Fighting       | 3 4 5 6 8 9 |  9.2
Axes           | 3 4 5 6 8 9 11 13 14 | 14.5
Shields        | 4 5 6 7 8 9 10 | 10.5
Dodging        | 1 2 3 4 |  4.3
Armour         | 4 5 8 9 10 | 10.7
Stealth        | 1 2 |  2.0

Action                   |  1- 3 |  4- 6 |  7- 9 | 10-12 || total
-------------------------+-------+-------+-------+-------++-------
Melee: War axe           |   161 |   177 |   465 |   126 ||   929
       Hand axe          |       |       |       |   753 ||   753
 Abil: Heal Wounds       |       |     3 |     2 |     5 ||    10
  Use: Scroll            |       |       |     5 |     1 ||     6
       Potion            |       |       |       |     1 ||     1
  Eat: Chunk             |     3 |     5 |     9 |    21 ||    38
       Ration            |       |       |     1 |       ||     1
Armor: Scale mail        |    11 |       |       |       ||    11
       Chain mail        |    79 |   106 |   216 |   381 ||   782
Dodge: Dodged            |    62 |    47 |   103 |   138 ||   350
Block: Shield            |    98 |   110 |   206 |   342 ||   756

Table legend:
 A = Spawn XP
 B = Non-spawn XP
 C = Spawn XP percentage of total XP
 D = Spawn monster count
 E = Non-spawn monster count
 F = Spawn count percentage of total count
 G = Total turns spent on level
                    A         B        C        D         E        F      G
               +---------+---------+-------+---------+---------+-------+---------
         Total |       0 |   33556 |   0.0 |       0 |     363 |   0.0 | 11192
               +---------+---------+-------+---------+---------+-------+---------
           D:1 |       0 |      32 |   0.0 |       0 |      17 |   0.0 |   972
           D:2 |       0 |      37 |   0.0 |       0 |      15 |   0.0 |   560
           D:3 |       0 |     172 |   0.0 |       0 |      32 |   0.0 |  1214
           D:4 |       0 |     616 |   0.0 |       0 |      32 |   0.0 |   727
           D:5 |       0 |     614 |   0.0 |       0 |      19 |   0.0 |   686
           D:6 |       0 |    1122 |   0.0 |       0 |      25 |   0.0 |   575
           D:7 |       0 |     813 |   0.0 |       0 |      22 |   0.0 |   702
           D:8 |       0 |    1232 |   0.0 |       0 |      13 |   0.0 |   789
           D:9 |       0 |    4968 |   0.0 |       0 |      58 |   0.0 |  1224
          D:10 |       0 |    5336 |   0.0 |       0 |      36 |   0.0 |   770
        Lair:1 |       0 |    6719 |   0.0 |       0 |      28 |   0.0 |   875
        Lair:2 |       0 |    3117 |   0.0 |       0 |      14 |   0.0 |   819
        Lair:3 |       0 |    8044 |   0.0 |       0 |      25 |   0.0 |  1006
        Lair:4 |       0 |     254 |   0.0 |       0 |       2 |   0.0 |    98
       Ossuary |       0 |     480 |   0.0 |       0 |      25 |   0.0 |   175
               +---------+---------+-------+---------+---------+-------+---------
